 Dungeon Crawl Stone Soup version 0.31.0-1-g2c135a0 (webtiles) character file.

Game seed: 17404416757197558336

150 edsrzf the Slasher (level 5, -3/34 HPs)
             Began as an Octopode Reaver on Feb 2, 2024.
             Slain by a gnoll
             ... wielding a +0 halberd
             ... led by a gnoll bouda
              (10 damage)
             ... on level 4 of the Dungeon.
             The game lasted 00:04:07 (2481 turns).

edsrzf the Slasher (Octopode Reaver)                Turns: 2481, Time: 00:04:08

Health: -3/34      AC:  1    Str: 12    XL:     5   Next: 32%
Magic:  8/8        EV: 13    Int: 17    God:
Gold:   200        SH:  0    Dex: 10    Spells: 7/8 levels left

rFire   . . .        b - +1 dagger (venom)
rCold   . . .        (no shield)
rNeg    . . .        (helmet restricted)
rPois   .            o - amulet of magic regeneration
rElec   .            m - ring of wizardry
rCorr   .            (no ring)
SInv    .            (no ring)
Will    .....        (no ring)
Stlth   ++           (no ring)
HPRegen 0.25/turn    (no ring)
MPRegen 0.51/turn    (no ring)
                     (no ring)

%: wizardry (x1)
@: no status effects
A: almost no armour, amphibious, 8 rings, camouflage 1, gelatinous body 1,
(nimble swimmer 1), tentacles
a: no special abilities


You were on level 4 of the Dungeon.
You visited 1 branch of the dungeon, and saw 4 of its levels.

You collected 220 gold pieces.
You spent 20 gold pieces at shops.

Inventory:

Hand Weapons
 a - a +0 falchion
 b - a +1 dagger of venom (weapon)
Missiles
 r - 2 poisoned darts
Jewellery
 m - a ring of wizardry (left tentacle)
 o - an amulet of magic regeneration (around mantle)
 s - an amulet of guardian spirit
Scrolls
 c - 7 scrolls of identify {unknown}
 d - 3 scrolls of noise {unknown}
 e - 2 scrolls of enchant armour {unknown}
 g - a scroll of enchant weapon {unknown}
 l - 3 scrolls of teleportation {unknown}
 n - a scroll of amnesia {unknown}
 q - 2 scrolls of blinking {unknown}
Potions
 f - a potion of heal wounds {unknown}
 h - 4 potions of curing {unknown}
 i - a potion of might {unknown}
 j - a potion of degeneration {unknown}
 k - a potion of haste {unknown}
 p - 2 potions of magic {unknown}


   Skills:
 - Level 2.0 Fighting
 + Level 5.8 Long Blades
 - Level 2.0 Dodging
 - Level 2.0 Spellcasting
 - Level 3.0 Conjurations


You had 7 spell levels left.
You knew the following spells:

 Your Spells              Type           Power      Damage    Failure   Level
a - Kiss of Death         Conj/Necr      24%        2d7       4%          1

Your spell library contained the following spells:

 Spells                   Type           Power      Damage    Failure   Level
 Momentum Strike          Conj/Tloc      12%        3d8       6%          2
 Slow                     Hex            4%         N/A       8%          1
 Hailstorm                Conj/Ice       6%         3d5       12%         3
 Confusing Touch          Hex            1%         N/A       22%         3
 Sigil of Binding         Hex            1%         N/A       22%         3
 Vampiric Draining        Necr           1%         2d6       22%         3
 Manifold Assault         Tloc           1%         N/A       56%         4
 Dispersal                Tloc           0%         N/A       100%        6
 Disjunction              Tloc           0%         N/A       100%        8


Dungeon Overview and Level Annotations

Branches:
Dungeon (4/15)
 Temple: D:4-7

Altars:
Xom

Shops:
D:1 *   D:4 !

Annotations:
D:3 1 runed translucent door, jorbis's ghost, amateur DsEn


Innate Abilities, Weirdness & Mutations

You cannot wear most types of armour.
You are amphibious.
You can wear up to eight rings at the same time.
Your skin changes colour to match your surroundings (Stealth+).
Your rubbery body absorbs attacks. (AC +1, EV +1)
((You are camouflaged when in or above water. (Stealth+)))
You have tentacles for arms and can constrict up to eight enemies at once.


Message History

You kill the gnoll!
You closely miss the jackal. Your grab misses the jackal.
Your squeeze misses the jackal. The jackal bites you.
You closely miss the jackal. You grab the jackal. You squeeze the jackal.
The jackal is moderately wounded.
You constrict the jackal, but do no damage.
The jackal barely misses you. The jackal closely misses you.
The gnoll bouda gazes fiercely through you!
You feel your attacks grow feeble.
You barely miss the jackal.
The jackal is moderately wounded.
You constrict the jackal. The jackal barely misses you.
You hit the jackal but do no damage.
The jackal is poisoned.
You squeeze the jackal.
You kill the jackal!
You barely miss the jackal. You grab the jackal.
You squeeze the jackal, but do no damage.
You constrict the jackal, but do no damage.
A jackal comes into view.
The jackal bites you.
The jackal barks!
You hit the jackal but do no damage.
The jackal is poisoned.
You constrict the jackal. The jackal bites you.
You barely miss the jackal.
The jackal is almost dead.
You constrict the jackal, but do no damage.
The gnoll is no longer moving quickly.
The jackal bites you. The jackal closely misses you.
You hit the jackal but do no damage.
The jackal looks even sicker.
The jackal is almost dead.
Your attacks no longer feel as feeble.
You constrict the jackal.
You kill the jackal!
The gnoll is no longer moving quickly.
You barely miss the gnoll bouda. You grab the gnoll bouda.
You constrict the gnoll bouda, but do no damage.
You hit the gnoll bouda.
The gnoll bouda is moderately wounded.
You constrict the gnoll bouda.
The gnoll bouda barks out a call to the hunt!
The gnolls pick up the pace!
You hit the gnoll bouda.
The gnoll bouda is heavily wounded.
You constrict the gnoll bouda, but do no damage.
You hit the gnoll bouda but do no damage.
The gnoll bouda is poisoned.
You squeeze the gnoll bouda.
The gnoll bouda is severely wounded.
You constrict the gnoll bouda, but do no damage.
The gnoll is no longer moving quickly.
The gnoll bouda hits you with a +0 whip.
You hit the gnoll bouda.
The gnoll bouda looks as sick as possible!
You squeeze the gnoll bouda.
You kill the gnoll bouda!
You have reached level 5!
You feel stronger.
You hit the gnoll.
The gnoll is poisoned.
Your grab misses the gnoll.
The gnoll is lightly wounded.
The gnoll hits you with a +0 flail!
You hit the gnoll. You grab the gnoll. You squeeze the gnoll.
The gnoll is heavily wounded.
You constrict the gnoll, but do no damage.
The gnoll barely misses you.
You hit the gnoll.
The gnoll looks as sick as possible!
You squeeze the gnoll.
The gnoll is almost dead.
You constrict the gnoll.
You kill the gnoll!
You closely miss the gnoll. You grab the gnoll. You constrict the gnoll.
The gnoll misses you.
You hit the gnoll.
The gnoll is poisoned.
The gnoll is moderately wounded.
You constrict the gnoll. The gnoll hits you with a +0 whip.
* * * LOW HITPOINT WARNING * * *
You completely miss the gnoll.
The gnoll is moderately wounded.
You constrict the gnoll. The gnoll barely misses you.
You hit the gnoll.
The gnoll is severely wounded.
You constrict the gnoll. The gnoll misses you.
You hit the gnoll.
You kill the gnoll!
The jackal misses you.
You barely miss the jackal. You grab the jackal. You constrict the jackal.
You lose your grip on the jackal.
You barely miss the jackal. Your grab misses the jackal. You hit the jackal.
You grab the jackal.
You tentacle-slap the jackal, but do no damage.
The jackal is heavily wounded.
You constrict the jackal. The jackal bites you.
* * * LOW HITPOINT WARNING * * *
You closely miss the jackal. You grab the jackal.
The jackal is lightly wounded.
You constrict the jackal.
You kill the jackal!
You constrict the jackal. The jackal closely misses you.
The gnoll closely misses you.
You hit the jackal.
The jackal is poisoned.
You squeeze the jackal.
You kill the jackal!
The gnoll hits you from afar with a +0 halberd!
You die...

#.# #.#.#
........##.# #.#.#
........##.# #.#.#
.....h.h##.# #.#.#
.....g..##.# #.#.#
.......g##.# #.#.#
.....gg.##.###.#.#
........##g†.#.#.#
........g)##@#.#.#
.##.....g.##...#.#
#.......######.##
#.......# #...#
#.......# #.#.#
#.......# #...#
#.......# #.∩.#
#.......#####...#
#....#.#


You could see a gnoll (swift).

Vanquished Creatures
  A gnoll bouda (D:4)
  3 gnolls (D:4)
  3 adders
  2 ribbon worms
  An orc (D:3)
  4 ball pythons
  5 bats
  3 endoplasms
  A giant cockroach (D:1)
  4 goblins
  6 hobgoblins
  14 jackals
  A quokka (D:3)
  4 frilled lizards
  3 kobolds
  4 rats
59 creatures vanquished.

Notes
Turn   | Place    | Note
-------+----------+-------------------------------------------
     0 | D:1      | edsrzf the Octopode Reaver began the quest for the Orb.
     0 | D:1      | Reached XP level 1. HP: 14/14 MP: 3/3
   154 | D:1      | Reached XP level 2. HP: 19/19 MP: 5/5
   204 | D:1      | Found Beanij's Assorted Antiques.
   212 | D:1      | Bought a smoky yellow potion for 20 gold pieces
   236 | D:1      | Found a faded altar of an unknown god.
   657 | D:2      | Reached skill level 4 in Long Blades
   681 | D:2      | Reached XP level 3. HP: 19/24 MP: 6/6
  1410 | D:2      | Found a shimmering altar of Xom.
  1833 | D:3      | Reached XP level 4. HP: 18/29 MP: 7/7
  1957 | D:3      | Reached skill level 5 in Long Blades
  2139 | D:3      | Found a runed translucent door.
  2139 | D:3      | Noticed jorbis's ghost (amateur DsEn)
  2378 | D:4      | Found Fus Rogg's Distillery.
  2467 | D:4      | Reached XP level 5. HP: 21/34 MP: 8/8
  2481 | D:4      | Slain by a gnoll

Illustrated notes

Levels and vault maps discovered:
D:1:      tarquinn_simple_flora_water_e, layout_loops_cross,
          hellmonk_ecumenical_altar_arch_garden, serial_shops, shop,
          nicolae_kite_square_tiling_tiny
D:2:      layout_basic, basic_altar
D:3:      layout_basic, ebering_ghost_inner_flame, hangedman_decor_peaks_small
D:4:      layout_basic, kennysheep_slug_shrine, serial_shops, shop,
          nicolae_shop_stone, nicolae_shop_crystal, shop, shop, uniq_sigmund

Skill      XL: |  1  2  3  4 |
---------------+-------------+-----
Long Blades    | 4 5 |  5.8
Fighting       | |  2.0
Dodging        | |  2.0
Spellcasting   | |  2.0
Conjurations   | |  3.0

Action                     |  1- 3 |  4- 6 || total
---------------------------+-------+-------++-------
  Melee: Falchion          |    21 |       ||    21
         Constrict         |    22 |    13 ||    35
         Tentacles         |    13 |    12 ||    25
         Punch             |     1 |     1 ||     2
         Dagger            |    72 |    49 ||   121
   Stab: Sleeping          |     6 |     2 ||     8
 Armour: Skin              |    42 |    22 ||    64
  Dodge: Dodged            |    57 |    23 ||    80
